 Dungeon Crawl Stone Soup version 0.27-a0-1149-g4505690ab0 (webtiles) character file.

Game seed: 7438789097712109892

5852 lunkers the Geomancer (level 10, -14/63 HPs)
             Began as a Demonspawn Earth Elementalist on May 13, 2021.
             Was an Initiate of Gozag.
             Demolished by a komodo dragon (30 damage)
             ... on level 8 of the Dungeon.
             The game lasted 00:16:46 (12077 turns).

lunkers the Geomancer (DsEE)                       Turns: 12077, Time: 00:16:47

Health: -14/63     AC: 11    Str: 12    XL:     10   Next: 52%
Magic:  10/22      EV: 12    Int: 20    God:    Gozag
Gold:   1313       SH:  0    Dex: 19    Spells: 20/26 levels left

rFire    . . .     SeeInvis .   a - +7 trident "Eviscerator" {speed, rN+}
rCold    + . .     Faith    .   (no shield)
rNeg     + + .     Spirit   .   J - +2 leather armour {rF+}
rPois    .         Reflect  .   P - +0 helmet
rElec    .         Harm     .   (no cloak)
rCorr    +         Rampage  .   (no gloves)
Will     .....                  K - +1 pair of boots of Beogh's Fury {rF- rN+ rCorr Str+3}
Stlth    ++........             (no amulet)
HPRegen  0.20/turn              E - +6 ring of dexterity
MPRegen  0.18/turn              M - ring of protection from cold

@: no status effects
A: hooves 2, yellow scales 2, foul stench 1
a: Renounce Religion, Potion Petition, Call Merchant, Bribe Branch


You were on level 8 of the Dungeon.
You worshipped Gozag.
Gozag was most pleased with you.
You visited 1 branch of the dungeon, and saw 8 of its levels.
You also visited: Ossuary.

You collected 1427 gold pieces.
You spent 95 gold pieces at shops.
You paid 19 gold pieces to Gozag.

Inventory:

Hand Weapons
 a - the +7 trident "Eviscerator" (weapon) {speed, rN+}
   (You took it off a centaur on level 5 of the Dungeon)

   Attacks with this weapon are significantly faster.
   It protects you from negative energy.
 d - a +0 short sword
Missiles
 b - 174 stones
 s - 7 curare-tipped darts
 F - 8 atropa-tipped darts
 I - 2 throwing nets
Armour
 C - a +0 pair of boots
 J - a +2 leather armour of fire resistance (worn)
 K - the +1 pair of boots of Beogh's Fury (worn) {rF- rN+ rCorr Str+3}
   (You found it on level 5 of the Dungeon)

   It affects your strength (+3).
   It makes you vulnerable to fire.
   It protects you from negative energy.
   It protects you from acid and corrosion.
 P - a +0 helmet (worn)
Jewellery
 m - a ring of ice
 E - a +6 ring of dexterity (left hand)
 M - a ring of protection from cold (right hand)
Wands
 l - a wand of flame (25)
 r - a wand of acid (6)
 D - a wand of paralysis (4)
 L - a wand of iceblast (6)
 R - a wand of mindburst (13)
Scrolls
 g - a scroll of enchant weapon {unknown}
 j - a scroll of vulnerability {unknown}
 n - 2 scrolls of teleportation {unknown}
 p - 2 scrolls of acquirement {unknown}
 q - 2 scrolls of immolation {unknown}
 t - a scroll of holy word {unknown}
 u - 2 scrolls of fog {unknown}
 v - 2 scrolls of amnesia {unknown}
 w - a scroll of torment {unknown}
 y - 4 scrolls of enchant armour {unknown}
 z - a scroll of silence {unknown}
 H - 2 scrolls of magic mapping {unknown}
 O - a scroll of blinking {unknown}
 Q - a scroll of noise {unknown}
Potions
 c - a potion of cancellation {unknown}
 e - 6 potions of heal wounds
 f - a potion of invisibility
 h - 2 potions of might
 i - 5 potions of flight
 k - 5 potions of curing
 o - a potion of ambrosia
 x - 2 potions of lignification
 A - 2 potions of mutation
 B - 2 potions of attraction
 G - 2 potions of haste
 N - 2 potions of brilliance


   Skills:
 - Level 1.7 Dodging
 - Level 1.7 Stealth
 + Level 8.7 Spellcasting
 - Level 0.8 Transmutations
 * Level 12.0 Earth Magic


You had 20 spell levels left.
You knew the following spells:

 Your Spells              Type           Power      Damage    Failure   Level
a - Stone Arrow           Conj/Erth      64%        3d11      2%          3
b - Passwall              Tmut/Erth      28%        N/A       1%          2
c - Sandblast             Erth           100%       2d20      1%          1

Your spell library contained the following spells:

 Spells                   Type           Power      Damage    Failure   Level
 Lee's Rapid Deconstruct  Erth           27%        3d15*     1%          5
 Petrify                  Tmut/Erth      34%        N/A       7%          4
 Corona                   Hex            8%         N/A       10%         1
 Magic Dart               Conj           32%        1d4       10%         1
 Ensorcelled Hibernation  Hex/Ice        16%        N/A       16%         2
 Searing Ray              Conj           16%        3d3       16%         2
 Confusing Touch          Hex            8%         N/A       30%         3
 Dazzling Flash           Conj/Hex       16%        N/A       30%         3
 Tukima's Dance           Hex            8%         N/A       30%         3
 Fulminant Prism          Conj/Hex       4%         3d6       69%         4
 Iskenderun's Mystic Bla  Conj/Tloc      8%         2d4       69%         4


Dungeon Overview and Level Annotations

Branches:
Dungeon (8/15)             Temple (0/1) D:4         Ossuary (visited)
   Lair: D:8-11

Altars:
Gozag
Okawaru
Trog
Uskayaw
Xom

Shops:
D:3 !   D:4 *   D:7 *

Annotations:
D:6 2 transporters, Belboz's ghost, novice TrMo
D:7 1 runed translucent door, Scypho's ghost, novice MiFi


Innate Abilities, Weirdness & Mutations

You have hoof-like feet.
You are mostly covered in yellow scales. (AC +3)
You may rarely emit foul miasma when damaged in melee.


Message History

Press: ? - help, Dir - move target, f/p - gnoll
Aim: a gnoll, wielding a +0 spear (lightly wounded, about 30% to evade the +7 trident "Eviscerator")
The komodo dragon is in the way.
You barely miss the komodo dragon. The gnoll closely misses you.
The gnoll becomes distracted by the nearby gold, dreaming of imaginary riches.
Reach: a) +7 trident "Eviscerator" {speed, rN+}
Press: ? - help, Dir - move target, f/p - gnoll
Aim: a gnoll, wielding a +0 spear (lightly wounded, about 30% to evade the +7 trident "Eviscerator")
The komodo dragon is in the way.
The gnoll shouts!
You hit the komodo dragon but do no damage.
The komodo dragon bites you. The gnoll closely misses you.
Reach: a) +7 trident "Eviscerator" {speed, rN+}
Press: ? - help, Dir - move target, f/p - gnoll
Aim: a gnoll, wielding a +0 spear (lightly wounded, about 30% to evade the +7 trident "Eviscerator")
You reach to attack!
You closely miss the gnoll.
The gnoll is lightly wounded.
The komodo dragon bites you!
You emit a cloud of foul miasma!
Reach: a) +7 trident "Eviscerator" {speed, rN+}
Press: ? - help, Dir - move target, f/p - gnoll
Aim: a gnoll, wielding a +0 spear (lightly wounded, about 30% to evade the +7 trident "Eviscerator")
You reach to attack!
You hit the gnoll.
The gnoll is heavily wounded.
The gnoll is no longer distracted by gold.
The gnoll closely misses you.
The komodo dragon is engulfed in dark miasma.
The komodo dragon is poisoned.
The komodo dragon bites you!!
* * * LOW HITPOINT WARNING * * *
The komodo dragon is engulfed in dark miasma.
The komodo dragon looks even sicker.
Casting: Stone Arrow (dangerous; 2% risk of failure)
Confirm with . or Enter, or press ? or * to list all spells.
Aiming: Stone Arrow (dangerous; 2% risk of failure)
Press: ? - help, Shift-Dir - straight line, f/p - gnoll
Aim: a gnoll, wielding a +0 spear (heavily wounded, 77% to hit)
The stone arrow hits the komodo dragon!
The komodo dragon is moderately wounded.
The komodo dragon bites you!!
You die...
Your body crumbles into a pile of gold.

#............###.#....
##########).>###.#<...
#.....#.#.### #
#########.... .###.
###### .....# #.....
..$g# #######.####
#g§#### ##.##.##.#
#l@$###........#
####...#########
#.#### ##


You could see a komodo dragon (very poisoned) and 2 gnolls.

Vanquished Creatures
  A two-headed ogre (D:8)
  Pikel (D:4)
  Psyche (D:8)
  A troll (D:5)
  Prince Ribbit (D:5)
  Grinder (D:4)
  A basilisk (D:8)
  A yak (D:5)
  2 wyverns
  2 steam dragons
  A black bear (D:7)
  2 sky beasts (D:7)
  3 ice beasts
  5 ogres
  A lemure (D:4)
  2 phantoms
  2 centaurs
  A kobold brigand (D:8)
  A bullfrog (D:8)
  2 gnoll sergeants
  3 water moccasin zombies
  2 scorpions
  9 wights
  A howler monkey (D:5)
  3 bullfrog zombies (D:5)
  A centaur zombie (D:5)
  2 gnoll shamans (D:4)
  A bullfrog skeleton (D:7)
  Natasha (D:2)
  Ijyb (D:5)
  3 iguanas
  3 orc wizards (D:6)
  13 mummies (Ossuary)
  A howler monkey zombie (D:6)
  2 howler monkey skeletons
  10 gnolls
  A white imp (D:7)
  2 ufetubi
  3 worms
  5 dart slugs
  9 orcs
  9 endoplasms
  A giant cockroach (D:1)
  A goblin (D:2)
  4 hobgoblins
  11 jackals
  5 quokkas
  3 ball pythons
  2 bats (D:1)
  4 frilled lizards
  2 gnoll skeletons (Ossuary)
  2 goblin skeletons (Ossuary)
  2 goblin zombies (D:4)
  8 kobolds
  A kobold skeleton (Ossuary)
  3 orc skeletons (Ossuary)
  23 rats
  11 rat skeletons (Ossuary)
200 creatures vanquished.

Vanquished Creatures (others)
  A goblin (D:2)
1 creature vanquished.

Grand Total: 201 creatures vanquished

Notes
Turn   | Place    | Note
-------+----------+-------------------------------------------
     0 | D:1      | lunkers the Demonspawn Earth Elementalist began the quest
                  | for the Orb.
     0 | D:1      | Reached XP level 1. HP: 13/13 MP: 3/3
   155 | D:1      | Reached skill level 3 in Earth Magic
   319 | D:1      | Found a faded altar of an unknown god.
   386 | D:1      | Gained mutation: You are partially covered in yellow
                  | scales. (AC +2) [demonic ancestry]
   386 | D:1      | Reached XP level 2. HP: 12/19 MP: 0/5
  1210 | D:1      | You fall into a shaft and drop 1 floor!
  1308 | D:2      | Noticed Natasha
  1317 | D:2      | Killed Natasha
  1318 | D:2      | Gained mutation: You are mostly covered in yellow scales.
                  | (AC +3) [demonic ancestry]
  1318 | D:2      | Reached XP level 3. HP: 16/24 MP: 0/7
  1937 | D:1      | Reached skill level 4 in Earth Magic
  2238 | D:2      | Gained mutation: You have large cloven feet. [demonic
                  | ancestry]
  2238 | D:2      | Reached XP level 4. HP: 30/30 MP: 6/8
  2644 | D:3      | Found Uxapro Ygyl's Distillery.
  2834 | D:3      | Noticed a phantom
  2845 | D:3      | Killed a phantom
  2846 | D:3      | Reached XP level 5. HP: 21/35 MP: 1/9
  3476 | D:3      | Found an opulent altar of Gozag.
  3595 | D:3      | Became a worshipper of Gozag Ym Sagoz the Greedy
  3956 | D:4      | Found a sand-covered staircase.
  3956 | D:4      | Noticed Grinder
  3964 | D:4      | Killed Grinder
  3965 | D:4      | Reached skill level 5 in Earth Magic
  3965 | D:4      | Gained mutation: You have hoof-like feet. [demonic
                  | ancestry]
  3965 | D:4      | Reached XP level 6. HP: 21/41 MP: 2/11
  4004 | D:4      | Learned a level 2 spell: Passwall
  4008 | D:4      | Learned a level 3 spell: Stone Arrow
  4055 | Ossuary  | Entered an ossuary
  4802 | Ossuary  | Reached skill level 6 in Earth Magic
  5392 | Ossuary  | Reached XP level 7. HP: 46/46 MP: 3/13
  5861 | D:4      | Found an iron altar of Okawaru.
  6413 | D:4      | Found a staircase to the Ecumenical Temple.
  6446 | D:4      | Found Weutuol's Assorted Antiques.
  6455 | D:4      | Bought a scroll labelled XETHREK ENTYADGH for 26 gold
                  | pieces
  6455 | D:4      | Bought 2 metallic white potions for 46 gold pieces
  6455 | D:4      | Bought a green potion for 23 gold pieces
  6645 | D:5      | Entered Level 5 of the Dungeon
  7005 | D:5      | Noticed Prince Ribbit
  7016 | D:5      | Killed Prince Ribbit
  7017 | D:5      | Reached skill level 5 in Spellcasting
  7017 | D:5      | Reached skill level 7 in Earth Magic
  7123 | D:5      | Reached XP level 8. HP: 52/52 MP: 8/15
  7248 | D:5      | Noticed Pikel
  7281 | D:4      | Killed Pikel
  7282 | D:4      | Reached skill level 8 in Earth Magic
  7467 | D:5      | Noticed Ijyb
  7574 | D:5      | Killed Ijyb
  7594 | D:5      | Identified the +1 pair of boots of Beogh's Fury {rF- rN+
                  | rCorr Str+3}
  7751 | D:5      | Reached skill level 9 in Earth Magic
  8061 | D:5      | Gained mutation: You may rarely emit foul miasma when
                  | damaged in melee. [demonic ancestry]
  8061 | D:5      | Reached XP level 9. HP: 47/57 MP: 8/18
  8342 | D:5      | Noticed a troll
  8348 | D:5      | Killed a troll
  8423 | D:5      | Identified the +7 trident "Eviscerator" {speed, rN+}
  8660 | D:5      | Reached skill level 10 in Earth Magic
  8927 | D:6      | Noticed Belboz's ghost (novice TrMo)
  8929 | D:6      | Found a transporter.
  8932 | D:6      | Found a transporter.
  9715 | D:6      | Found a bloodstained altar of Trog.
 10264 | D:7      | Reached skill level 11 in Earth Magic
 10468 | D:7      | Reached XP level 10. HP: 63/63 MP: 14/21
 10599 | D:7      | Found a runed translucent door.
 10599 | D:7      | Found a shimmering altar of Xom.
 10599 | D:7      | Noticed Scypho's ghost (novice MiFi)
 10599 | D:7      | Noticed a +0 rapier of chaos
 11008 | D:7      | Found Kaxzewk's General Store.
 11086 | D:7      | Found a hide-covered altar of Uskayaw.
 11209 | D:8      | Noticed a two-headed ogre
 11438 | D:8      | Noticed Psyche
 11443 | D:8      | Killed a two-headed ogre
 11447 | D:8      | Killed Psyche
 12063 | D:8      | Reached skill level 12 in Earth Magic
 12077 | D:8      | Demolished by a komodo dragon

Illustrated notes

Levels and vault maps discovered:
D:1:      mushboom_english_gardens, layout_basic,
          shapermc_ecumenical_altar_mp_ritualfount, minmay_heptomino_o4
D:2:      layout_basic, hangedman_decor_opposing, grunt_decor_junction,
          lemuel_another_geyser, uniq_natasha
D:3:      layout_basic, nicolae_gozag_cash_rules_everything_around_me,
          serial_shops, shop, minmay_rat_hole
D:4:      layout_layer_cave, nicolae_overflow_hidden_temple,
          minmay_temple_entry_tees, serial_shops, shop, enter_ossuary_4,
          kennysheep_decorative_pillar, roderic_serpentine_path, uniq_grinder
D:5:      layout_gridville, corner_web_ring, minmay_divided_ellipse, uniq_pikel,
          uniq_ijyb, uniq_prince_ribbit1
D:6:      layout_rooms, kennysheep_mini_moat, gammafunk_ghost_mausoleum,
          kennysheep_generic_room_16
D:7:      layout_loops_ring, marbit_many_paths, ebering_ghost_xom, serial_shops,
          shop
D:8:      layout_basic, erik_lair_dragon, minmay_unpleasant_kobolds, uniq_psyche

Skill      XL: |  1  2  3  4  5  6  7  8  9 10 |
---------------+-------------------------------+-----
Earth Magic    | 3 4 5 6 7 9 11 12 | 12.0
Spellcasting   | 3 4 5 6 7 8 |  8.7
Dodging        | |  1.7
Stealth        | |  1.7
Transmutations | |  0.8

Action                   |  1- 3 |  4- 6 |  7- 9 | 10-12 || total
-------------------------+-------+-------+-------+-------++-------
Melee: Unarmed           |    23 |       |       |       ||    23
       Short sword       |     4 |    89 |    18 |       ||   111
       Kick              |       |    12 |       |       ||    12
       Trident           |       |       |    13 |    23 ||    36
 Cast: Sandblast         |    55 |    52 |    30 |     3 ||   140
       Stone Arrow       |       |    29 |   127 |    41 ||   197
Evoke: Wand              |       |       |     5 |       ||     5
  Use: Scroll            |       |       |    10 |     1 ||    11
 Stab: Sleeping          |       |     1 |       |       ||     1
       Paralysed         |       |       |    10 |       ||    10
Armor: Robe              |    19 |    45 |     7 |       ||    71
       Leather armour    |       |       |    33 |     4 ||    37
Dodge: Dodged            |    47 |    72 |    51 |    19 ||   189

Table legend: (Time is in decaauts)
 A = Elapsed time spent in this place.
 B = Non-inter-level travel time spent in this place.
 C = Inter-level travel time spent in this place.
 D = Time resting spent in this place.
 E = Time spent auto-exploring this place.
 F = Levels seen in this place.
 G = Mean time per level.
                   A        B        C        D        E       F      G
               +--------+--------+--------+--------+--------+-----+--------+
         Total |  12088 |  11781 |    307 |    474 |   9758 |   9 | 1343.1 |
       Dungeon |  10329 |  10022 |    307 |    474 |   8136 |   8 | 1291.1 |
       Ossuary |   1759 |   1759 |      0 |      0 |   1622 |   1 | 1759.0 |
               +--------+--------+--------+--------+--------+-----+--------+

Top non-repeatable levels by time:
 Ossuary: 1759 daAuts
     D:5: 1707 daAuts
     D:4: 1643 daAuts
     D:1: 1626 daAuts
     D:7: 1296 daAuts
     D:2: 1102 daAuts
     D:3: 1078 daAuts
     D:6: 997 daAuts
     D:8: 877 daAuts
